 Dungeon Crawl Stone Soup version 0.32-a0-32-g978bd804de (webtiles) character file.

Game seed: 17158783119700647142

1122 mopl the Slasher (level 8, -5/62 HPs)
             Began as a Merfolk Fighter on Jan 19, 2024.
             Slain by a gnoll
             ... wielding a +0 club
             ... led by a gnoll bouda
              (6 damage)
             ... on level 5 of the Dungeon on Jan 20, 2024.
             The game lasted 00:04:22 (3612 turns).

mopl the Slasher (Merfolk Fighter)                  Turns: 3612, Time: 00:04:22

Health: -5/62      AC: 10    Str: 19    XL:     8   Next: 35%
Magic:  8/8        EV: 14    Int:  7    God:
Gold:   151        SH:  4    Dex: 13    Spells: 7/7 levels left

rFire   . . .        a - +0 long sword
rCold   . . .        c - +0 buckler
rNeg    . . .        x - +0 chain mail
rPois   .            (no helmet)
rElec   .            D - +0 cloak
rCorr   .            (no gloves)
SInv    .            (no boots)
Will    .....        (no amulet) Stlth
                     r - +5 ring of evasion
HPRegen 0.30/turn    (no ring)
MPRegen 0.11/turn

%: no passive effects
@: no status effects
A: (nimble swimmer 2), mertail
a: no special abilities


You were on level 5 of the Dungeon.
You visited 1 branch of the dungeon, and saw 5 of its levels.

You collected 151 gold pieces.

Inventory:

Hand Weapons
 a - a +0 long sword (weapon)
 t - a +2 halberd of venom
Missiles
 k - 6 poisoned darts (quivered)
 w - 4 boomerangs
Armour
 c - a +0 buckler (worn)
 x - a +0 chain mail (worn)
 D - a +0 cloak (worn)
Jewellery
 r - a +5 ring of evasion (left hand)
Wands
 b - a wand of iceblast (13)
 A - a wand of flame (15)
Scrolls
 e - a scroll of torment {unknown}
 f - 4 scrolls of amnesia {unknown}
 g - 7 scrolls of identify {unknown}
 l - a scroll of enchant weapon {unknown}
 o - a scroll of acquirement {unknown}
 p - a scroll of fog {unknown}
 q - a scroll of fear {unknown}
 s - 3 scrolls of teleportation {unknown}
 u - 2 scrolls of revelation {unknown}
 v - 2 scrolls of silence {unknown}
 y - 2 scrolls of blinking {unknown}
 z - a scroll of summoning {unknown}
Potions
 d - 2 potions of might
 h - 2 potions of mutation {unknown}
 i - a potion of degeneration {unknown}
 j - a potion of curing {unknown}
 m - 2 potions of resistance {unknown}
 n - a potion of attraction {unknown}
 B - a potion of haste {unknown}
 C - a potion of lignification {unknown}
 E - a potion of berserk rage {unknown}
 F - a potion of enlightenment {unknown}
 G - a potion of heal wounds {unknown}


   Skills:
 + Level 5.3 Fighting
 * Level 6.9 Long Blades
 + Level 3.3 Throwing
 + Level 3.5 Armour
 + Level 4.5 Dodging
 - Level 3.0 Shields
 + Level 2.3 Evocations


You had 7 spell levels left.
You didn't know any spells.
Your spell library contained the following spells:

 Spells                   Type           Power      Damage    Failure   Level
 Static Discharge         Conj/Air       0%         3-3/arc   100%        2
 Stone Arrow              Conj/Erth      0%         3d7       100%        3
 Airstrike                Air            0%         2d(0-16)  100%        4
 Animate Armour           Summ/Erth      0%         N/A       100%        4
 Summon Lightning Spire   Summ/Air       0%         N/A       100%        4
 Lehudib's Crystal Spear  Conj/Erth      0%         10d2      100%        8


Dungeon Overview and Level Annotations

Branches:
Dungeon (5/15)
 Temple: D:4-7

Altars:
Dithmenos
Trog
Wu Jian
Yredelemnul


Innate Abilities, Weirdness & Mutations

((You are very nimble when in or above water. (Stealth+, EV+, Speed+++)))
Your lower body shifts to a powerful aquatic tail in water.


Message History

You hit the gnoll.
The gnoll is lightly wounded.
The gnoll closely misses you.
You hit the gnoll.
The gnoll is moderately wounded.
The gnoll hits you from afar with a +0 spear.
* * * LOW HITPOINT WARNING * * *
The gnoll barely misses you. x2
You barely miss the gnoll.
The gnoll is moderately wounded.
The gnoll misses you. The gnoll hits you but does no damage.
You completely miss the gnoll.
The gnoll is moderately wounded.
Your attacks no longer feel as feeble.
The gnoll hits you with a +0 club.
* * * LOW HITPOINT WARNING * * *
The gnoll barely misses you.
You hit the gnoll but do no damage.
The gnoll is moderately wounded.
The gnoll hits you but does no damage.
The gnoll hits you from afar with a +0 spear.
* * * LOW HITPOINT WARNING * * *
Okay, then.
You closely miss the gnoll.
The gnoll is moderately wounded.
The gnoll is no longer moving quickly.
You block the gnoll's attack. x2
You hit the gnoll.
The gnoll is heavily wounded.
You block the gnoll's attack. The gnoll completely misses you.
The gnoll hits you with a +0 club.
* * * LOW HITPOINT WARNING * * *
You closely miss the gnoll.
The gnoll is heavily wounded.
The gnoll hits you from afar with a +0 spear.
* * * LOW HITPOINT WARNING * * *
You block the gnoll's attack.
You closely miss the gnoll.
The gnoll is heavily wounded.
The gnoll closely misses you. The gnoll hits you with a +0 club.
You die...

#### ###### #### .....
######....##########...
......#)...#@...†........#...
......'...gg....#........#...
......#)...#....#........#...
..... #....#....#........#...
.... #....#....#........#...
... #....#....######+###...
.. ###+##................. .
#.................
#.................


You could see 2 gnolls.

Vanquished Creatures
  A water moccasin (D:5)
  An ice beast (D:5)
  An ogre (D:4)
  A phantom (D:5)
  3 scorpions (D:5)
  A water moccasin zombie (D:4)
  A bombardier beetle (D:3)
  A bullfrog zombie (D:4)
  2 hounds
  2 orc priests (D:3)
  Crazy Yiuf (D:4)
  A gnoll bouda (D:5)
  4 iguanas
  An orc wizard (D:4)
  A scorpion zombie (D:4)
  A hound zombie (D:4)
  A gnoll (D:5)
  3 adders
  An adder zombie (D:4)
  2 dart slugs (D:4)
  2 ribbon worms (D:2)
  15 orcs
  4 endoplasms
  4 giant cockroaches
  5 goblins
  7 hobgoblins
  4 jackals
  5 ball pythons
  6 bats
  6 kobolds
  4 rats
92 creatures vanquished.

Notes
Turn   | Place    | Note
-------+----------+-------------------------------------------
     0 | D:1      | mopl the Merfolk Fighter began the quest for the Orb.
     0 | D:1      | Reached XP level 1. HP: 18/18 MP: 1/1
    27 | D:1      | Found a faded altar of an unknown god.
   235 | D:1      | Reached XP level 2. HP: 24/24 MP: 2/2
   412 | D:1      | Reached skill level 3 in Long Blades
   412 | D:1      | Reached skill level 1 in Dodging
   921 | D:2      | Reached XP level 3. HP: 29/29 MP: 3/3
  1112 | D:2      | Found an ornate altar of the Wu Jian Council.
  1193 | D:3      | Reached skill level 1 in Throwing
  1193 | D:3      | Reached XP level 4. HP: 37/37 MP: 4/4
  1637 | D:3      | Reached skill level 4 in Long Blades
  1637 | D:3      | Reached skill level 2 in Dodging
  1637 | D:3      | Reached XP level 5. HP: 14/42 MP: 5/5
  1946 | D:3      | Reached skill level 4 in Fighting
  2141 | D:4      | Reached XP level 6. HP: 47/48 MP: 6/6
  2189 | D:4      | Reached skill level 5 in Long Blades
  2189 | D:4      | Reached skill level 2 in Throwing
  2189 | D:4      | Reached skill level 3 in Dodging
  2222 | D:4      | Reached skill level 3 in Armour
  2335 | D:4      | Found a bloodstained altar of Trog.
  2489 | D:4      | Reached XP level 7. HP: 41/55 MP: 7/7
  2491 | D:4      | Found a basalt altar of Yredelemnul.
  2559 | D:4      | Found a shadowy altar of Dithmenos.
  2584 | D:4      | Reached skill level 1 in Evocations
  2815 | D:4      | Found a runed translucent door.
  2816 | D:4      | Noticed Crazy Yiuf
  2828 | D:4      | Killed Crazy Yiuf
  2888 | D:5      | Entered Level 5 of the Dungeon
  3023 | D:5      | Reached skill level 6 in Long Blades
  3109 | D:5      | Reached skill level 5 in Fighting
  3109 | D:5      | Reached skill level 3 in Throwing
  3109 | D:5      | Reached skill level 4 in Dodging
  3132 | D:5      | Reached XP level 8. HP: 34/62 MP: 8/8
  3273 | D:5      | Reached skill level 2 in Evocations
  3549 | D:5      | Upgraded the game from 0.32-a0-30-gefbe487952 to
                  | 0.32-a0-32-g978bd804de
  3610 | D:5      | HP: 2/62 [gnoll/+0 club[a gnoll bouda] (2)]
  3612 | D:5      | Slain by a gnoll

Illustrated notes

Levels and vault maps discovered:
D:1:      orjb1_clovarrival, layout_rooms, ebering_ecumenical_altar_sacrificial,
          serial_co_window_serial, co_window_paths_a, co_window_paths_b,
          co_window_of_opportunity_a, co_window_corner_a,
          co_window_of_opportunity_a, co_window_cross_3,
          co_window_of_opportunity_b, co_window_corner_b, co_window_broadway_a,
          co_window_unsneaky_path_a, co_window_paths_c, co_window_paths_d,
          glass_columns_c, glass_columns_a, glass_columns_b, glass_columns_a,
          glass_columns_c
D:2:      layout_basic, basic_altar
D:3:      layout_basic
D:4:      layout_rooms, nicolae_yredelemnul_corpse_copse,
          mainiacjoe_overflow_large_starburst, minmay_cut_off,
          uniq_crazy_yiuf_cottage
D:5:      layout_gridville, amcnicky_mini_rare_corridor_liquid

Skill      XL: |  1  2  3  4  5  6  7  8 |
---------------+-------------------------+-----
Long Blades    | 3 4 5 6 |  6.9
Dodging        | 1 2 3 4 |  4.5
Throwing       | 1 2 3 |  3.3
Fighting       | 4 5 |  5.3
Armour         | 3 |  3.5
Evocations     | 1 2 |  2.3
Shields        | |  3.0

Action                     |  1- 3 |  4- 6 |  7- 9 || total
---------------------------+-------+-------+-------++-------
  Melee: Long sword        |   103 |   171 |   181 ||   455
 Armour: Scale mail        |    76 |    60 |       ||   136
         Chain mail        |       |    53 |   126 ||   179
  Dodge: Dodged            |    68 |   151 |   121 ||   340
  Block: Buckler           |    40 |    37 |    51 ||   128

Table legend: (Time is in decaauts)
 A = Elapsed time spent in this place.
 B = Non-inter-level travel time spent in this place.
 C = Inter-level travel time spent in this place.
 D = Time resting spent in this place.
 E = Time spent auto-exploring this place.
 F = Levels seen in this place.
 G = Mean time per level.
                   A        B        C        D        E       F      G
               +--------+--------+--------+--------+--------+-----+--------+
         Total |   3689 |   3558 |    131 |    388 |   2238 |   5 |  737.8 |
       Dungeon |   3689 |   3558 |    131 |    388 |   2238 |   5 |  737.8 |
               +--------+--------+--------+--------+--------+-----+--------+

Top non-repeatable levels by time:
     D:3: 955 daAuts
     D:1: 859 daAuts
     D:4: 796 daAuts
     D:5: 739 daAuts
     D:2: 338 daAuts
